Construct Infanterie Kompanie
Selects Mechanized Battlegroup
Construct Luftwaffe Kompanie
Marder III M Tank Destroyer
Selects StuG Assault Group
Selects Mobile Repair Stations
Construct Panzer Kompanie
Selects Stoßtruppen Assault Package
Marder III M Tank Destroyer
Selects Zeroing Artillery Barrage
Selects UNKNOWN (2160084)
Zeroing Artillery Barrage
Construct Panzergrenadier Kompanie
Nebelwerfer 42 Rocket Launcher Team